 Dungeon Crawl Stone Soup version 0.30-a0-989-g0d87f670db (webtiles) character file.

Game seed: 12310112959056886576

3111 Jase the Cleaver (level 9, -2/70 HPs)
             Began as a Hill Orc Fighter on Apr 3, 2023.
             Was a Believer of the Shining One.
             Slain by a two-headed ogre
             ... wielding a +0 giant club
              (10 damage)
             ... on level 8 of the Dungeon.
             The game lasted 00:16:48 (7318 turns).

Jase the Cleaver (Hill Orc Fighter)                 Turns: 7318, Time: 00:16:49

Health: -2/70      AC: 14    Str: 23    XL:     9   Next: 91%
Magic:  21/22      EV:  8    Int:  8    God:    the Shining One [**....]
Gold:   427        SH:  8    Dex: 10    Spells: 8/8 levels left

rFire   . . .      SeeInvis +    a - +0 war axe
rCold   . . .      Faith    .    (no shield)
rNeg    + . .      Spirit   .    k - +0 chain mail
rPois   +          Reflect  .    (no helmet)
rElec   .          Rampage  .    j - +1 cloak {rPois}
rCorr   .                        D - +0 pair of gloves
Will    .....                    (no boots) Stlth
                                 q - amulet of the acrobat
HPRegen 0.31/turn                m - ring of magical power
MPRegen 0.18/turn                d - ring of see invisible

@: divinely shielded, glowing
A: no striking features
a: Renounce Religion, Divine Shield


You were on level 8 of the Dungeon.
You worshipped the Shining One.
The Shining One was pleased with you.
You visited 1 branch of the dungeon, and saw 8 of its levels.

You collected 427 gold pieces.

Inventory:

Hand Weapons
 a - a +0 war axe (weapon)
Missiles
 g - 14 boomerangs (quivered)
 w - 16 poisoned darts
 x - a curare-tipped dart
 A - 5 atropa-tipped darts
 E - a throwing net
Armour
 j - a +1 cloak of poison resistance (worn)
 k - a +0 chain mail (worn)
 D - a +0 pair of gloves (worn)
Jewellery
 c - a ring of fire
 d - a ring of see invisible (right hand)
 e - a ring of fire
 m - a ring of magical power (left hand)
 q - an amulet of the acrobat (around neck)
 B - a ring of poison resistance
Wands
 r - a wand of flame (27)
 z - a wand of polymorph (7)
Scrolls
 b - 3 scrolls of fear {unknown}
 f - 2 scrolls of teleportation {unknown}
 n - 2 scrolls of fog
 s - a scroll of noise {unknown}
 t - 2 scrolls of blinking {unknown}
 y - a scroll of enchant weapon {unknown}
 C - a scroll of vulnerability {unknown}
Potions
 h - 2 potions of heal wounds
 i - 2 potions of brilliance
 l - 2 potions of attraction
 o - a potion of curing
 p - a potion of haste
 u - a potion of flight
 v - a potion of might
 F - a potion of mutation {unknown}


   Skills:
 - Level 3.6 Fighting
 * Level 13.5 Axes
 + Level 8.6 Armour
 - Level 3.2 Shields
 + Level 6.0 Invocations


You had 8 spell levels left.
You didn't know any spells.
Your spell library contained the following spells:

 Spells                   Type           Power      Damage    Failure   Level
 Ensorcelled Hibernation  Hex/Ice        0%         N/A       99%         2
 Passwall                 Tmut/Erth      0%         N/A       99%         2
 Swiftness                Air            0%         N/A       100%        3
 Tukima's Dance           Hex            0%         N/A       100%        3
 Passage of Golubria      Tloc           0%         N/A       100%        4
 Yara's Violent Unravell  Hex/Tmut       0%         3d3       100%        5


Dungeon Overview and Level Annotations

Branches:
Dungeon (8/15)             Temple (0/1) D:5
   Lair: D:8-11

Altars:
Kikubaaqudgha
Makhleb
The Shining One


Message History

You hit the gnoll. The gnoll hits you but does no damage.
The gnoll closely misses you.
There is a stone staircase leading up here.
You hit the gnoll.
You kill the gnoll!
A divine shield forms around you!
You hit the two-headed ogre.
The two-headed ogre is lightly wounded.
You hit the two-headed ogre.
The two-headed ogre is lightly wounded.
The two-headed ogre hits you but does no damage.
The two-headed ogre hits you with a +0 giant club!!
You slash the two-headed ogre!
The two-headed ogre is moderately wounded.
You block the two-headed ogre's attack.
The two-headed ogre hits you with a +0 giant club!
You slash the two-headed ogre!
The two-headed ogre is heavily wounded.
You hit the two-headed ogre.
The two-headed ogre is heavily wounded.
The two-headed ogre hits you with a +0 giant club!!
* * * LOW HITPOINT WARNING * * *
The two-headed ogre closely misses you.
You hit the two-headed ogre.
The two-headed ogre is severely wounded.
You hit the two-headed ogre but do no damage.
The two-headed ogre is severely wounded.
The two-headed ogre hits you with a +0 giant club!
* * * LOW HITPOINT WARNING * * *
You block the two-headed ogre's attack.
You hit the two-headed ogre.
The two-headed ogre is severely wounded.
You hit the two-headed ogre.
The two-headed ogre is severely wounded.
The two-headed ogre barely misses you. The two-headed ogre closely misses you.
You slash the two-headed ogre!
The two-headed ogre is almost dead.
You block the two-headed ogre's attack.
The two-headed ogre hits you with a +0 giant club!
You die...

#..........#
#..........#
#....$.....# ###
#..........#...
...........#.#
#............#
...........#####
#.....)@........
.......O).###..
.#.......<......
...#............
#?........####..
####....... .
...<..#.#.
#.....##.##.
...... ..


You could see a two-headed ogre.

Vanquished Creatures
  Pikel (D:7)
  Eustachio (D:4)
  A steam dragon (D:7)
  Duvessa (D:7)
  A water moccasin (D:5)
  2 sky beasts (D:6)
  2 ogres
  2 ice beasts
  A centaur (D:6)
  A phantom (D:6)
  2 kobold brigands
  A bullfrog (D:6)
  2 scorpions (D:6)
  Dowan (D:7)
  4 killer bees (D:7)
  A crimson imp (D:3)
  2 orc priests
  4 hounds
  2 gnoll boudas (D:7)
  A sleepcap (D:6)
  3 iguanas
  Ijyb (D:5)
  Natasha (thrice) (D:3)
  2 orc wizards
  18 gnolls
  11 adders
  3 white imps
  3 ufetubi
  A worm (D:2)
  4 dart slugs
  22 orcs
  4 ball pythons
  6 bats
  11 endoplasms
  2 giant cockroaches (D:3)
  6 goblins
  7 hobgoblins
  A jackal (D:3)
  17 kobolds
  5 quokkas
  6 frilled lizards
  A goblin skeleton (D:3)
  3 hobgoblin zombies (D:3)
  A kobold skeleton (D:3)
  3 kobold zombies (D:3)
  An orc skeleton (D:3)
  An orc zombie (D:3)
  5 rats
184 creatures vanquished.

Notes
Turn   | Place    | Note
-------+----------+-------------------------------------------
     0 | D:1      | Jase the Hill Orc Fighter began the quest for the Orb.
     0 | D:1      | Reached XP level 1. HP: 19/19 MP: 1/1
    26 | D:1      | Reached skill level 3 in Axes
   230 | D:1      | Reached XP level 2. HP: 20/26 MP: 2/2
   745 | D:1      | Reached skill level 4 in Axes
  1018 | D:1      | Reached XP level 3. HP: 27/31 MP: 3/3
  1468 | D:2      | Reached XP level 4. HP: 38/39 MP: 4/4
  1500 | D:2      | Identified the +0 robe of Faoxeisi {+Inv Will+ Dex+2}
  1966 | D:3      | Found a glowing golden altar of the Shining One.
  1972 | D:3      | Reached skill level 5 in Axes
  1989 | D:3      | Became a worshipper of the Shining One
  2119 | D:3      | Reached XP level 5. HP: 45/45 MP: 5/5
  2675 | D:3      | Reached skill level 6 in Axes
  3150 | D:3      | Noticed Natasha
  3159 | D:3      | Killed Natasha
  3219 | D:3      | Noticed Natasha
  3227 | D:3      | Killed Natasha
  3228 | D:3      | Reached XP level 6. HP: 45/51 MP: 6/6
  3244 | D:3      | Noticed Natasha
  3250 | D:3      | Killed Natasha
  3251 | D:3      | Reached skill level 5 in Armour
  3346 | D:4      | Reached * piety under the Shining One
  3356 | D:3      | Reached skill level 7 in Axes
  3563 | D:4      | Noticed Eustachio
  3588 | D:4      | Killed Eustachio
  3589 | D:4      | Reached skill level 8 in Axes
  3589 | D:4      | Reached XP level 7. HP: 37/57 MP: 7/7
  3994 | D:4      | Identified the +1 leather armour of Courage {rN++ rCorr}
  4013 | D:5      | Entered Level 5 of the Dungeon
  4322 | D:5      | Found a staircase to the Ecumenical Temple.
  4348 | D:5      | Found an ancient bone altar of Kikubaaqudgha.
  4388 | D:5      | Reached skill level 9 in Axes
  4678 | D:5      | Reached XP level 8. HP: 59/64 MP: 8/8
  4879 | D:5      | Noticed Ijyb
  4887 | D:5      | Reached skill level 10 in Axes
  4925 | D:5      | Killed Ijyb
  5282 | D:6      | Reached skill level 1 in Invocations
  5385 | D:6      | Reached skill level 11 in Axes
  5711 | D:6      | Reached XP level 9. HP: 70/70 MP: 11/11
  5847 | D:6      | Reached skill level 12 in Axes
  6226 | D:6      | Reached ** piety under the Shining One
  6456 | D:7      | Found a burning altar of Makhleb.
  6689 | D:7      | Reached skill level 5 in Invocations
  6959 | D:7      | Noticed Pikel
  6987 | D:7      | Killed Pikel
  6988 | D:7      | Reached skill level 13 in Axes
  7113 | D:7      | Noticed Dowan
  7113 | D:7      | Noticed Duvessa
  7122 | D:7      | Killed Duvessa
  7131 | D:7      | Killed Dowan
  7302 | D:8      | Noticed a two-headed ogre
  7318 | D:8      | Slain by a two-headed ogre

Illustrated notes

Levels and vault maps discovered:
D:1:      arrival_zaba_pyramid, layout_basic, bh_walls_and_bars
D:2:      layout_loops_ring
D:3:      minmay_razor_zed, layout_loops_corners, nicolae_tso_besieged_by_evil,
          uniq_natasha
D:4:      layout_rooms, nicolae_overflow_hidden_temple,
          kennysheep_generic_room_15, uniq_eustachio
D:5:      layout_loops_corners, mainiacjoe_overflow_brackets,
          minmay_temple_entry_antechambers, uniq_ijyb
D:6:      minmay_angry_zag, layout_cave_pods
D:7:      layout_loops_ring, bloody_makhleb, uniq_duvessa, uniq_pikel
D:8:      layout_rooms, kennysheep_donut, minmay_joined_circles

Skill      XL: |  1  2  3  4  5  6  7  8  9 |
---------------+----------------------------+-----
Axes           | 3 4 5 6 8 9 11 13 | 13.5
Armour         | 4 5 6 7 8 |  8.6
Invocations    | 3 6 |  6.0
Fighting       | |  3.6
Shields        | |  3.2

Action                     |  1- 3 |  4- 6 |  7- 9 || total
---------------------------+-------+-------+-------++-------
  Melee: War axe           |   111 |   161 |   301 ||   573
         Punch             |       |     3 |     2 ||     5
         Unarmed           |       |       |    15 ||    15
  Throw: Boomerang         |       |       |     1 ||     1
 Invoke: Divine Shield     |       |       |     3 ||     3
    Use: Potion            |       |     1 |       ||     1
         Scroll            |       |       |     9 ||     9
 Armour: Scale mail        |    45 |       |       ||    45
         Chain mail        |    13 |   127 |   154 ||   294
  Dodge: Dodged            |    48 |    78 |   113 ||   239
  Block: Other             |       |       |     5 ||     5

Table legend: (Time is in decaauts)
 A = Elapsed time spent in this place.
 B = Non-inter-level travel time spent in this place.
 C = Inter-level travel time spent in this place.
 D = Time resting spent in this place.
 E = Time spent auto-exploring this place.
 F = Levels seen in this place.
 G = Mean time per level.
                   A        B        C        D        E       F      G
               +--------+--------+--------+--------+--------+-----+--------+
         Total |   7357 |   7228 |    129 |   1138 |   4738 |   8 |  919.6 |
       Dungeon |   7357 |   7228 |    129 |   1138 |   4738 |   8 |  919.6 |
               +--------+--------+--------+--------+--------+-----+--------+

Top non-repeatable levels by time:
     D:3: 1463 daAuts
     D:1: 1225 daAuts
     D:5: 1140 daAuts
     D:6: 1027 daAuts
     D:7: 1009 daAuts
     D:2: 760 daAuts
     D:4: 715 daAuts
     D:8: 16 daAuts
